[Event "Presidents Day GM-Norm 2024"]
[Site "Santa Clara"]
[Date "2024.02.18"]
[Round "5.5"]
[White "Atanasov, Anthony"]
[Black "Atwell, Rose"]
[Result "1-0"]
[ECO "D02"]
[WhiteElo "2384"]
[BlackElo "2104"]
[Annotator "TA"]
[PlyCount "55"]
[EventDate "2024.02.13"]
[EventType "tourn"]
[EventCountry "USA"]
[SourceTitle "playchess.com"]
[Source "ChessBase"]
[SourceQuality "1"]
[TimeControl "5400+30"]

1. d4 d5 2. Bf4 Nf6 3. e3 e6 4. Nf3 Bd6 5. a3 Bxf4 6. exf4 O-O 7. Nbd2 b6 8. h4 {[%emt 0:00:35] The position is equal.} c5 9. h5 h6 10. Ne5 Ba6 (10... Nfd7 $11) 11. Bxa6 $14 Nxa6 12. Qe2 Qc8 {[%emt 0:10:57] [#] Loses the game.} (12... Nb8 $14) 13. g4 $1 $18 {[%emt 0:01:37][%cal Bg2g4,Bg4g5,Bg5h6,Bh6g7][%mdl 32] Strongly threatening g5.} Nh7 (13... Ne8 {was necessary.} 14. g5 Nd6) 14. Ndf3 {[%emt 0:03:28] aiming for g5.} f6 15. Ng6 Rf7 {[%emt 0:03:12] [#] Dodges Ne7+} 16. g5 $1 cxd4 (16... Nc7 17. gxh6) 17. gxh6 ({Less strong is} 17. Nxd4 fxg5 18. O-O-O (18. Nxe6 Nc5 $14) (18. Qxe6 $2 {too greedy.} Qxe6+ 19. Nxe6 Re8 $19) 18... Nc5 $16) 17... Nc5 18. Nxd4 Qd7 19. hxg7 Re8 20. O-O-O Ne4 21. f5 e5 22. Ne6 Rxe6 (22... Neg5 $142 23. Ngf8 Nxf8) 23. fxe6 Qxe6 24. h6 {[%emt 0:04:36][%cal Oe2e4] Threatening mate with Qxe4!} f5 25. f3 Qxg6 26. fxe4 Qg5+ 27. Kb1 dxe4 28. Qc4 {[%emt 0:00:09] Weighted Error Value: White=0.28 (precise) /Black=0.81.  Mistake:       	---       	Black=4      Inaccurate:     	White=1     	Black=1      OK:         	White=7     	Black=5      Best:        	White=1     	Black=1      Strong:       	White=1     	---} 1-0

[Event "Presidents Day GM-Norm 2024"]
[Site "Santa Clara"]
[Date "2024.02.18"]
[Round "6.1"]
[White "Sathish, Pranav"]
[Black "Atwell, Rose"]
[Result "1/2-1/2"]
[ECO "C43"]
[WhiteElo "2357"]
[BlackElo "2104"]
[Annotator "TA"]
[PlyCount "148"]
[EventDate "2024.02.13"]
[EventType "tourn"]
[EventCountry "USA"]
[SourceTitle "playchess.com"]
[Source "ChessBase"]
[SourceQuality "1"]
[TimeControl "5400+30"]

1. e4 e5 2. Nf3 Nf6 3. d4 Nxe4 4. dxe5 d5 5. Nbd2 Nxd2 6. Bxd2 Be7 7. Bd3 c5 8. c3 Nc6 9. O-O Bg4 10. Re1 Qd7 11. h3 Bf5 12. Bxf5 Qxf5 13. b4 c4 (13... O-O $11) 14. b5 (14. Be3 $16) 14... Nd8 $14 15. Nd4 Qd7 16. Qf3 Ne6 17. Nf5 Ba3 (17... g6 $16) 18. Bc1 $18 Bf8 19. Rb1 O-O-O 20. Be3 (20. Rd1 $16) 20... Kb8 (20... g6 $14 21. Nd4 Nc5) 21. Red1 $18 g6 $2 (21... f6 22. exf6 gxf6) 22. Nd6 $1 $18 Bxd6 23. Rxd5 ({Not} 23. exd6 Qxd6 24. Rb2 (24. Qxf7 $2 Rdf8 $19) 24... d4 $16) 23... Bxe5 24. Rxd7 Rxd7 25. Qe4 Bxc3 26. Qxc4 Bd4 27. Bxd4 Nxd4 28. b6 axb6 29. Rxb6 Rc8 30. Qb4 Rc1+ 31. Kh2 Rc6 32. Qf8+ Rc8 33. Qh6 Rc2 34. Qf4+ Kc8 35. Rb4 Ne6 36. Rc4+ Rxc4 37. Qxc4+ Rc7 38. Qh4 h5 39. Qf6 Rd7 40. f4 Nd4 41. g4 hxg4 42. hxg4 Ne6 (42... Nb5 $16 43. f5 gxf5) 43. Kg3 Nd4 44. Kf2 (44. f5 gxf5 45. g5 (45. gxf5 Rd5 $16) 45... f4+ 46. Kxf4 Nc6) 44... Ne6 45. Ke3 Kc7 46. Qe5+ Kc6 47. f5 gxf5 48. gxf5 Nc5 49. Qf6+ Kc7 50. Kf4 b6 51. Kg4 (51. a3 $16) 51... Kb7 (51... Ne4 $14 52. Qb2 f6) 52. Kh5 (52. Qe5 $16) 52... Kc7 ({Better is} 52... Ne4 $14 53. Qe5 Nd6) 53. Qe5+ Kb7 54. Kh6 Kc8 55. Qe8+ (55. Kg7 $142) 55... Kc7 $16 56. Kg7 Kb7 57. Kf8 Kc7 58. Qe5+ Kc8 59. Qf4 Kb7 60. Qf3+ Kc7 61. Ke8 Nd3 62. Qg3+ Kc8 (62... Kc6 {was worth a try.} 63. Qg2+ Kc7 64. Qh2+ Kc6) 63. f6 (63. a4 $18 {is more deadly.}) 63... Nc5 $16 64. Qa3 Kb7 65. Qf3+ Kc7 66. Qa8 Kd6 67. Qb8+ Kc6 {[%emt 0:00:07] [#]} 68. a4 (68. Qe5 $1 $16 ) 68... Nb7 {[%emt 0:01:06] [#]} (68... Ne4 $14) 69. Qa8 $1 $16 Rc7 70. Qa6 ({White should play} 70. Kf8 $16) 70... Nd6+ $14 71. Kf8 Kc5 72. a5 bxa5 73. Qxa5+ Kc6 74. Qc3+ Kd7 1/2-1/2

[Event "Presidents Day GM-Norm 2024"]
[Site "Santa Clara"]
[Date "2024.02.18"]
[Round "6.2"]
[White "Wang, Isaac"]
[Black "Atanasov, Anthony"]
[Result "0-1"]
[ECO "E06"]
[WhiteElo "2316"]
[BlackElo "2384"]
[Annotator "TA"]
[PlyCount "86"]
[EventDate "2024.02.13"]
[EventType "tourn"]
[EventCountry "USA"]
[SourceTitle "playchess.com"]
[Source "ChessBase"]
[SourceQuality "1"]
[TimeControl "5400+30"]

1. d4 Nf6 2. c4 e6 3. Nf3 d5 4. Nc3 Be7 5. g3 O-O 6. Bg2 dxc4 7. Ne5 Qd6 8. O-O Qa6 9. a4 Nc6 {[%emt 0:00:11] The position is equal.} 10. Nb5 Nxe5 11. dxe5 Rd8 $1 12. exf6 Rxd1 13. Rxd1 Bd6 (13... Bxf6 $2 14. Nxc7 Qa5 15. Nxa8 $18) 14. Bf4 $1 gxf6 (14... Qa5 $1 $11) 15. Bxd6 $14 cxd6 16. Nc7 $1 Qb6 17. Nxa8 Qxb2 18. Rab1 (18. e3 $16) 18... Qe5 $1 $11 (18... Qxe2 $2 19. Rxd6 Kg7 20. Rd8 $18 (20. Bxb7 $2 Bxb7 21. Nc7 Be4 $19) (20. Nc7 Qc2 $18)) 19. Nc7 {[%emt 0:19:37][%cal Ba8c7,Bc7b5,Bb5d4][%mdl 32] And now Nb5 would win.} d5 {[%emt 0:00:26][%mdl 1024] Black has compensation.} 20. Nb5 {[%emt 0:04:08] e4 would now be deadly.} f5 (20... Bd7 $1 $15 21. a5 (21. Nxa7 Bxa4 22. Re1 c3 $17) 21... Bxb5 22. Rxb5 Qxe2) 21. e3 $14 a6 22. Nd4 Qc7 {[%emt 0:02:25] Prevents a5} 23. Rdc1 Qa5 $1 {[%emt 0:12:30] Against Rb4} 24. Ra1 $1 Bd7 25. Rcb1 b6 26. h4 Kg7 27. Bf3 e5 28. Nc2 f4 29. exf4 Bf5 (29... Bxa4 $2 30. fxe5 b5 31. Bxd5 $18) 30. Rc1 d4 {[%emt 0:05:08] Inhibits Ne3. White should prevent ...c3. Dancing on a razor blade.} 31. Nxd4 exd4 $17 32. Rxc4 {[%emt 0:00:08][%cal Oa1d1] [#]} Be6 $1 $36 {[%emt 0:00:15][%mdl 2048] Black is on the roll.} ({Don't play} 32... d3 33. Rd1 $15) 33. Rcc1 (33. Rxd4 $2 {is the wrong capture.} Qc3 34. Rad1 Qxf3 $19) (33. Rc6 $17 {only move.}) 33... d3 $19 34. Ra3 d2 35. Rd1 Bc4 {[%emt 0:04:02] Dodges Rd3} (35... b5 $19 {and Black stays clearly on top.} 36. Kg2 (36. Rd3 $2 bxa4 37. h5 a3 $19) 36... Bc4 (36... bxa4 $2 37. Rda1 $19) 37. axb5 Qxa3 38. bxa6 Bxa6 39. Rxd2 Bc8) 36. Kg2 $2 {[%emt 0:02:13][%mdl 8192] Loses the game.} (36. Re3 $17 {was forced.}) 36... b5 37. Re3 (37. axb5 $142 Qxa3 38. bxa6) 37... bxa4 {[%emt 0:00:16] Strongly threatening ...a3.} 38. Ra1 Qb4 39. h5 h6 40. Kg1 Qb2 41. Rxa4 Qc1+ 42. Kh2 {[%emt 0:00:15] [#]} Bd5 $1 43. Bxd5 (43. Rd4 Bxf3) 43... d1=Q {[%emt 0:00:08] Weighted Error Value: White=0.74/Black=0.18 (very precise) .  Loses game:     	White=2     	---        Missed win:     	---       	Black=1      Mistake:       	White=3     	Black=2      Inaccurate:     	White=2     	---        OK:         	White=9     	Black=14     Best:        	White=2     	Black=6      Strong:       	White=3     	Black=4} 0-1

[Event "Presidents Day GM-Norm 2024"]
[Site "Santa Clara"]
[Date "2024.02.18"]
[Round "6.3"]
[White "Deng, Henry"]
[Black "Delgado Ramirez, Neuris"]
[Result "1/2-1/2"]
[ECO "B23"]
[WhiteElo "2281"]
[BlackElo "2517"]
[Annotator "TA"]
[PlyCount "98"]
[EventDate "2024.02.13"]
[EventType "tourn"]
[EventCountry "USA"]
[SourceTitle "playchess.com"]
[Source "ChessBase"]
[SourceQuality "1"]
[TimeControl "5400+30"]

1. e4 c5 2. Nc3 e6 3. d4 cxd4 4. Qxd4 Nc6 5. Qe3 Nf6 6. Nf3 Be7 7. e5 Nb4 8. Qd2 {[%emt 0:09:54] White is slightly better.} (8. exf6 Nxc2+ 9. Ke2 Bxf6 $17 (9... Nxe3 10. fxe7 Qxe7 11. Bxe3 $17)) 8... Nfd5 9. Ne4 {[%emt 0:02:50] Strongly threatening c4.} Nc6 10. c3 (10. Bc4 $14) 10... O-O 11. Bc4 d6 12. exd6 Bxd6 13. Nxd6 Qxd6 14. O-O b6 15. Rd1 Nce7 (15... Rd8 $11) 16. Bxd5 (16. Be2 $14 Qb8 17. b3) 16... Qxd5 $11 {[%emt 0:07:07] The position is equal.} 17. Qxd5 Nxd5 18. c4 {[%emt 0:00:49] Black is weak on the dark squares} Ne7 19. b3 {[%emt 0:02:48] [#] Hoping for Ba3.} Nf5 20. Ba3 Re8 21. Nd4 Nxd4 22. Rxd4 e5 23. Re1 Be6 24. Rxe5 Bxc4 $1 25. Rxe8+ Rxe8 {[%emt 0:00:03][%mdl 4096] Endgame. KRB-KRB} 26. Be7 (26. bxc4 $2 Re1#) 26... Bb5 27. Rd8 f6 28. Rxe8+ Bxe8 {[%emt 0:00:07] KB-KB} 29. f3 Kf7 30. Bb4 Ke6 31. Kf2 Bg6 32. Bf8 Bb1 33. a3 g6 34. Ke3 Bc2 35. b4 Kd5 36. Be7 f5 37. Kf4 Bd3 38. Kg5 Bf1 39. g4 fxg4 40. fxg4 Be2 41. h4 Kc4 42. Kh6 Bxg4 43. Kxh7 Bh5 44. Bd6 a6 45. Bc7 b5 46. Kh6 Kb3 47. Kg5 Kxa3 48. Ba5 Kb3 49. Kf4 Kc4 {[%emt 0:09:26] Weighted Error Value: White=0.05 (flawless) /Black=0.06 (flawless) .  Mistake:       	White=2     	Black=1      Inaccurate:     	---       	Black=1      OK:         	White=25    	Black=16     Best:        	White=1     	---        Strong:       	---       	Black=1} 1/2-1/2

[Event "Presidents Day GM-Norm 2024"]
[Site "Santa Clara"]
[Date "2024.02.18"]
[Round "6.4"]
[White "Stearman, Josiah"]
[Black "Jiang, Lucas"]
[Result "1-0"]
[ECO "D27"]
[WhiteElo "2455"]
[BlackElo "2258"]
[Annotator "TA"]
[PlyCount "73"]
[EventDate "2024.02.13"]
[EventType "tourn"]
[EventCountry "USA"]
[SourceTitle "playchess.com"]
[Source "ChessBase"]
[SourceQuality "1"]
[TimeControl "5400+30"]

1. d4 d5 2. c4 dxc4 3. Nf3 Nf6 4. e3 e6 5. Bxc4 a6 6. O-O c5 7. b3 Nbd7 8. Bb2 b5 9. Be2 Bb7 10. Nbd2 Be7 11. a4 b4 12. a5 O-O 13. Nc4 Bd5 14. Qc2 {[%emt 0:00:39] White has an edge.} Qc7 15. dxc5 Bxc5 16. Rfc1 Qb7 17. Ne1 Rfc8 18. Bf3 Rab8 19. Qe2 Qb5 (19... Be7 $11) 20. e4 $14 Bc6 21. Nd3 {[%emt 0:00:00] Nxc5 would now be deadly.} Be7 22. Nde5 Bb7 23. Nxd7 Nxd7 24. Qd2 ({Better is} 24. Bd4 $11) 24... Bg5 $15 25. Qd6 Bxc1 26. Rxc1 h6 (26... Nf6 $11 {keeps the balance.}) 27. h4 $40 {[%emt 0:00:00][%mdl 128] Threatens to win with Rd1. White has strong attack.} e5 28. Bg4 $1 Rd8 29. Rd1 {[%emt 0:00:00] White has more active pieces.} (29. Qe7 $1 $16 {And now Nd6 would win.} Nf6 (29... Bxe4 $2 30. Nd6 $18) 30. Nd6 (30. Nxe5 $2 Qe8 $19) 30... Rxd6 31. Qxd6) 29... Nf6 $2 (29... Nf8 $11 {and Black is okay.} 30. Qxd8 Rxd8 31. Rxd8 Qc6 (31... Bxe4 32. Bxe5 Bd5 33. Bd6 $16)) 30. Qxd8+ $18 Rxd8 31. Rxd8+ Kh7 {[%emt 0:00:04] [#] Black is weak on the dark squares} 32. Bf5+ g6 33. Bxe5 gxf5 (33... Bxe4 34. Bxf6 (34. Bxe4 Qxe5 35. Nxe5 Nxe4 $18) (34. Bxe4 Qxe5 35. Nxe5 Nxe4 $18)) 34. Bxf6 {[%emt 0:00:00] White threatens h5 and mate.} Kg6 {[%emt 0:02:41] [#]} (34... fxe4 $2 {is the wrong capture.} 35. Ne5 $18) (34... Bxe4 35. h5) 35. Rd6 {[%emt 0:00:00] aiming for Ne5+.} fxe4 (35... Bxe4 $2 {loses.} 36. Ne5+ Kh7 37. Rd8 $18 (37. Nxf7 Qc5 $17) (37. Nxf7 Qc5 $17)) 36. g4 {[%emt 0:00:00] h5+ would kill now.} h5 $2 (36... Kh7) 37. Ne5+ {[%emt 0:09:30] Weighted Error Value: White=0.10 (very precise) /Black=0.36.  Loses game:     	---       	Black=1      Mistake:       	White=2     	Black=3      OK:         	White=7     	Black=6      Best:        	White=5     	Black=3      Strong:       	White=1     	---} 1-0

[Event "Presidents Day GM-Norm 2024"]
[Site "Santa Clara"]
[Date "2024.02.18"]
[Round "6.5"]
[White "Budisavljevic, Luka"]
[Black "Harsha Bharathakoti"]
[Result "1/2-1/2"]
[ECO "D35"]
[WhiteElo "2475"]
[BlackElo "2565"]
[Annotator "TA"]
[PlyCount "72"]
[EventDate "2024.02.13"]
[EventType "tourn"]
[EventCountry "USA"]
[SourceTitle "playchess.com"]
[Source "ChessBase"]
[SourceQuality "1"]
[TimeControl "5400+30"]

1. d4 Nf6 2. c4 e6 3. Nc3 d5 4. cxd5 exd5 5. Bg5 Be7 6. e3 h6 7. Bh4 Bg4 8. Qa4+ c6 9. Bd3 {[%emt 0:00:16] Against Bf5} Nbd7 10. h3 Be6 11. Nf3 O-O 12. O-O Bd6 13. Ne2 Re8 14. Bg3 Nb6 15. Qc2 Bxg3 16. Nxg3 Nc8 17. Ne5 Nd6 18. f3 Nd7 19. Qf2 f6 20. Nxd7 Qxd7 21. e4 Bf7 22. Rfe1 {[%emt 0:02:09] Black must now prevent e5.} Bg6 (22... dxe4 {with more complications.} 23. fxe4 Qd8 24. e5 fxe5 25. dxe5 Nc4) 23. Rad1 Nf7 24. Bc2 (24. Bb1 {simplifies} Rad8 25. exd5 Rxe1+ 26. Rxe1 Bxb1 27. dxc6 bxc6 28. Rxb1 Qxd4 29. Qxd4 Rxd4 30. Rc1) 24... dxe4 (24... Kh8 {simplifies} 25. Ba4 a5 26. Bb3 dxe4 27. Nxe4 b6) 25. Nxe4 {[%emt 0:05:06] [#] Nc5 would now be deadly.} Bh7 26. Qg3 Kh8 27. Nc5 Qd6 {[%emt 0:01:23] The position is equal.} (27... Rxe1+ {simplifies} 28. Qxe1 Qc7 29. Bb3 Bg8) 28. Qxd6 (28. Rxe8+ {simplifies} Rxe8 29. Qxd6 Nxd6 30. Ba4) 28... Nxd6 29. Bxh7 Kxh7 30. Kf2 Kg6 31. Rxe8 Rxe8 $11 {[%emt 0:00:04] KRN-KRN} 32. d5 cxd5 33. Rxd5 Re5 34. Rxe5 fxe5 35. b3 b6 36. Nd3 Kf5 {[%emt 0:00:12] Weighted Error Value: White=0.07 (flawless) /Black=0.06 (flawless) .  Inaccurate:     	White=2     	Black=2      OK:         	White=8     	Black=12} 1/2-1/2

[Event "Presidents Day GM-Norm 2024"]
[Site "Santa Clara"]
[Date "2024.02.19"]
[Round "7.1"]
[White "Harsha Bharathakoti"]
[Black "Sathish, Pranav"]
[Result "1-0"]
[ECO "D02"]
[WhiteElo "2565"]
[BlackElo "2357"]
[Annotator "RC"]
[PlyCount "95"]
[EventDate "2024.02.13"]
[EventType "tourn"]
[EventCountry "USA"]
[SourceTitle "playchess.com"]
[Source "ChessBase"]
[SourceQuality "1"]
[TimeControl "5400+30"]

1. Nf3 d5 2. g3 Nd7 3. d4 Nb6 4. Nc3 Nf6 5. Bg2 g6 6. a4 a5 7. O-O Bg7 8. b3 O-O 9. Bb2 Re8 10. Re1 Ne4 11. Ne5 Nxc3 12. Bxc3 c6 13. e4 dxe4 14. Bxe4 Nd5 15. Bb2 Nf6 16. Bg2 Qc7 17. Qe2 Nd7 18. Nd3 b6 19. h4 Bb7 20. h5 Rad8 21. Rad1 c5 22. Bxb7 Qxb7 23. dxc5 Bxb2 24. Nxb2 Nxc5 25. Rxd8 Rxd8 26. Qxe7 Qxe7 27. Rxe7 Kf8 28. Re2 Ne6 29. Kg2 Rb8 30. hxg6 hxg6 31. Rd2 b5 32. Kf1 Ke7 33. Ke2 bxa4 34. Nxa4 Rd8 35. Rxd8 Nxd8 36. Kd3 Kd6 37. Kc4 Ne6 38. Kb5 Nd4+ 39. Kxa5 Nxc2 40. b4 Ke5 41. b5 Na3 42. Kb4 Nxb5 43. Kxb5 Ke4 44. Nc5+ Kf3 45. Nd3 Ke2 46. Kc4 f5 47. f4 Kf3 48. Ne5+ 1-0

[Event "Presidents Day GM-Norm 2024"]
[Site "Santa Clara"]
[Date "2024.02.19"]
[Round "7.2"]
[White "Jiang, Lucas"]
[Black "Budisavljevic, Luka"]
[Result "1/2-1/2"]
[ECO "C64"]
[WhiteElo "2258"]
[BlackElo "2475"]
[Annotator "TA"]
[PlyCount "108"]
[EventDate "2024.02.13"]
[EventType "tourn"]
[EventCountry "USA"]
[SourceTitle "playchess.com"]
[Source "ChessBase"]
[SourceQuality "1"]
[TimeControl "5400+30"]

1. e4 e5 2. Nf3 Nc6 3. Bb5 a6 4. Ba4 Bc5 5. c3 Nge7 6. O-O Ng6 7. d4 Ba7 8. Be3 O-O 9. Nbd2 (9. d5 $5 Bxe3 10. fxe3 $11) 9... exd4 10. cxd4 d5 11. h3 dxe4 12. Nxe4 Nb4 13. Nc5 Nd5 14. Qd3 c6 15. a3 (15. Rfe1 $11 {was preferrable.}) 15... Nde7 {[%emt 0:04:50] Threatens to win with ...Bxc5.} 16. Qc3 Bb8 17. Rfe1 Qc7 18. Bb3 Bf5 19. Bg5 b6 20. Bxe7 Nxe7 21. Ne4 Nd5 22. Qd2 Ba7 (22... Qf4 $14) 23. Qg5 (23. Rac1 $16 {Strongly threatening Bxd5.} Rad8 24. Ng3) 23... Bxe4 $1 $14 24. Rxe4 Nf6 25. Re5 (25. Rh4 $16) 25... h6 26. Qg6 $36 {[%emt 0:02:51][%mdl 2048] Black is under strong pressure.} Rad8 27. Rae1 {[%emt 0:01:34] White has more active pieces.} Nd5 {[%emt 0:01:30] Wards off Re7} 28. Qf5 Qd7 29. Qxd7 Rxd7 30. Bxd5 cxd5 31. Re7 Rfd8 (31... Rxe7 $14 32. Rxe7 Bb8) 32. Re8+ $16 Rxe8 33. Rxe8+ {[%emt 0:00:04][%mdl 4096] Endgame. KRB-KRN} Kh7 34. Rc8 f6 {[%emt 0:02:50] Repels Ne5} 35. b4 (35. Kf1 $142) 35... Kg6 36. g4 Kf7 37. a4 g5 ({Black should play} 37... b5) 38. b5 axb5 39. axb5 Rb7 {[%emt 0:00:07] [#]} (39... Re7 $16 {was necessary.} 40. Rh8 Kg7) 40. Ne1 $1 $18 Bb8 {[%emt 0:01:17] [#]} 41. Rc6 $2 (41. Ng2 $1 $18) 41... Ke7 $2 (41... Rc7 $1 $14) 42. Ng2 (42. Nc2 $18) 42... Bf4 (42... Rc7 $16 {keeps fighting.}) 43. Nxf4 gxf4 {[%emt 0:00:01] KR-KR} 44. Kg2 Ra7 45. Kf3 Ra4 46. Kxf4 {[%emt 0:00:16][%cal Of4f5] Kf5! is the strong threat.} Rxd4+ 47. Kf5 Rd3 (47... Re4 $142 48. Rxf6 Re2) 48. f4 {[%emt 0:00:54] Re6+ would now be deadly.} (48. Rxf6 $2 Rf3+ (48... Rxh3 49. Rxb6 d4 50. Re6+ Kd7 51. Ke5 $16) 49. Ke5 Rxf6 $19) 48... Rxh3 $2 (48... Re3) 49. Re6+ (49. Rxf6 d4 $18) (49. Rxb6 h5 $14) 49... Kd7 50. Rxb6 (50. Kxf6 $18 {[%cal Of4f5] is the precise move to win.} Rb3 51. Rxb6) 50... d4 51. Rc6 ({Much worse is} 51. Rxf6 $6 d3 52. Ra6 d2 53. Ra7+ Kd6 $11) (51. Kxf6 $16 {Black must now prevent Ke5.} d3 52. Ra6) 51... Rc3 $11 52. Re6 d3 {[%emt 0:01:25] aiming for ...d2.} 53. Re1 (53. Rxf6 $2 {loses.} d2 54. Kg6 d1=Q $19 (54... d1=B 55. Kxh6 Bxg4 56. b6 $17)) 53... Rc4 54. Rd1 Rd4 1/2-1/2

[Event "Presidents Day GM-Norm 2024"]
[Site "Santa Clara"]
[Date "2024.02.19"]
[Round "7.3"]
[White "Delgado Ramirez, Neuris"]
[Black "Stearman, Josiah"]
[Result "1/2-1/2"]
[ECO "B30"]
[WhiteElo "2517"]
[BlackElo "2455"]
[Annotator "TA"]
[PlyCount "90"]
[EventDate "2024.02.13"]
[EventType "tourn"]
[EventCountry "USA"]
[SourceTitle "playchess.com"]
[Source "ChessBase"]
[SourceQuality "1"]
[TimeControl "5400+30"]

1. e4 c5 2. Nf3 Nc6 3. Bb5 e6 4. O-O Nge7 5. b3 a6 6. Bxc6 Nxc6 7. Bb2 d6 8. d4 cxd4 9. Nxd4 Bd7 10. c4 Be7 11. Nc3 O-O 12. Nxc6 Bxc6 13. Qg4 Bf6 14. Rad1 Qa5 15. Rd3 Rfd8 16. a3 Qg5 17. Qe2 (17. Qxg5 {simplifies} Bxg5 18. Rfd1 Be7 19. a4) 17... Be5 {[%emt 0:05:40] Repels Rg3} 18. Bc1 Qf6 19. Qd2 (19. Bb2 $11) 19... Bxc3 $15 20. Rxc3 Bxe4 21. Re3 Bc6 22. Bb2 e5 23. f4 Qe7 24. Qf2 f6 25. Qh4 h6 26. Rg3 Kh7 27. Bc1 exf4 28. Qxf4 Re8 29. Qf5+ Kh8 30. Bb2 {[%emt 0:03:44][%cal Og3g7] [#] Rxg7! would now be deadly.} Rf8 31. b4 Rae8 32. b5 Be4 33. Qf2 {[%emt 0:03:35] [#]} (33. Qf4 $142) 33... axb5 $1 $17 34. cxb5 Rc8 35. Bc3 Qe6 36. a4 {[%emt 0:02:04] White is weak on the light squares} Qc4 (36... Rc4 $142 37. a5 d5) 37. Qd2 Qc5+ (37... Qxa4 $2 38. Rxf6 (38. Bxf6 Rxf6 39. Rxf6 Kh7 $16) 38... Qa7+ 39. Kh1 (39. Bd4 $2 Rc1+ 40. Qxc1 Qxd4+ 41. Kh1 Rxf6 $19) 39... Rxc3 40. Rxf8+ Kh7 41. Qxc3 $18) 38. Kh1 Qd5 (38... Rf7 $17 39. Rc1 Qf5) 39. Qb2 ({White should play} 39. Qxd5 $15 Bxd5 40. Rd1) 39... Rc4 40. h3 {[%emt 0:00:30][%cal Rc3f6] Strongly threatening Bxf6!} Qe6 (40... Rxa4 $2 {loses.} 41. Bxf6 Rxf6 (41... gxf6 $2 {too greedy.} 42. Rxf6 Qd4 43. Rxf8+ Kh7 44. Rf7+ Kh8 45. Rc3 $18) 42. Rxf6 $18) 41. a5 Ra4 (41... d5 $17 {...Qd6 is the strong threat.} 42. Kh2 Kh7) 42. Ra1 $11 {[%emt 0:00:26] The position is equal.} Rxa1+ 43. Qxa1 Qb3 44. Qf1 Rc8 45. Qxf6 Qb1+ {[%emt 0:00:04] Weighted Error Value: White=0.15 (very precise) /Black=0.13 (very precise) .  Mistake:       	White=3     	Black=3      Inaccurate:     	White=1     	Black=2      OK:         	White=10    	Black=14     Best:        	---       	Black=3} 1/2-1/2

[Event "Presidents Day GM-Norm 2024"]
[Site "Santa Clara"]
[Date "2024.02.19"]
[Round "7.5"]
[White "Atwell, Rose"]
[Black "Wang, Isaac"]
[Result "0-1"]
[ECO "B22"]
[WhiteElo "2104"]
[BlackElo "2316"]
[Annotator "TA"]
[PlyCount "92"]
[EventDate "2024.02.13"]
[EventType "tourn"]
[EventCountry "USA"]
[SourceTitle "playchess.com"]
[Source "ChessBase"]
[SourceQuality "1"]
[TimeControl "5400+30"]

1. e4 c5 2. Nf3 e6 3. c3 d5 4. exd5 Qxd5 5. d4 cxd4 6. cxd4 Nf6 7. Nc3 Qd8 8. Bd3 g6 9. O-O Bg7 10. Bc4 (10. Bb5+ $14 Bd7 11. Bxd7+ Nbxd7 12. d5) 10... O-O $11 {[%emt 0:00:50] The position is equal.} 11. Ne5 Nc6 12. Nxc6 bxc6 13. Be3 Nd5 14. Bxd5 cxd5 15. Qd2 Qh4 16. Na4 e5 {[%emt 0:07:34][%cal Re5d4] Prevents Bf4} 17. f4 exf4 18. Rxf4 Qe7 19. Nc5 Re8 20. Rf3 Bg4 21. Rg3 (21. Bg5 Qe2 22. Rf2 Qxd2 23. Rxd2 Bf5 $16) 21... h5 22. h3 Bf5 23. Re1 Qh4 24. Qf2 {[%emt 0:03:58] [#]} (24. Kh2 $1 $11 {was the only way to keep the balance.}) 24... Rxe3 $1 $17 25. Rexe3 (25. Rgxe3 Qxf2+) 25... Bxd4 {[%emt 0:00:27] A strong pair of Bishops.} 26. Nb3 {[%emt 0:01:53][%cal Ob3d4] Nxd4! is the strong threat.} Bxe3 27. Qxe3 Qe4 28. Qc5 $2 {[%emt 0:02:29] [#]} (28. Nd4 $17) 28... a5 29. Re3 Qb1+ 30. Kh2 Be4 (30... Qxa2 $6 31. Qxd5 Rc8 32. Qd4 $11) 31. Qc6 Rb8 32. Qc7 Re8 33. Qc6 Re6 34. Qc8+ Kh7 35. Qb7 Kg7 $40 {[%emt 0:26:23][%mdl 128] And now ...Qf1 would win. Black wants a kill. Black is more active.} (35... Qxb2 36. Qxf7+ Kh6 37. Qf8+ Qg7 38. Qb8 $17) (35... Qf1 36. Rf3 Bxf3 37. Qxf7+ Kh8 (37... Kh6 38. Qf8+ Kh7 39. Qf7+ Kh8 40. Qf8+ Kh7 41. Qf7+ $11) 38. Qf8+ Kh7 39. Qf7+ Kh6 40. Qf8+ Kh7 (40... Kg5 41. h4+ Kg4 42. gxf3+ Qxf3 43. Qxf3+ Kxf3 44. Nd4+ Ke3 45. Nxe6 $18) 41. Qf7+ $11) 36. Nc5 Rf6 (36... Re5 $19 37. Nxe4 dxe4 (37... Rxe4 38. Rf3 $16)) 37. Nxe4 dxe4 38. Qxe4 Qxb2 {[%emt 0:00:00][%mdl 4096] Endgame. KQR-KQR} ({Of course not} 38... Qxa2 $6 39. Qd4 $11) 39. Qd5 (39. Qe5 $17 Qb4 (39... Qxa2 40. Rf3 $15) 40. Kh1) 39... Rf5 40. Qd8 (40. Qb3 Qd4 41. Qc3 Qxc3 42. Rxc3) 40... Rf2 $19 ({And not} 40... Qxa2 41. Qd4+ Rf6 42. Rf3 $15) 41. Qa8 Qxa2 {[%emt 0:00:00] White must now prevent ...Qd2.} 42. Re8 Qb2 43. h4 {[%emt 0:01:08] [#]} (43. Qd5 $142) 43... a4 $1 {[%emt 0:00:00] ( -> ...a3)} 44. Kh3 (44. Qb8 Rxg2+) 44... Qc3+ {[%emt 0:00:00] Black mates.} 45. g3 Qa1 46. Rg8+ Kh7 {[%emt 0:00:00] Weighted Error Value: White=0.46/Black=0.13 (very precise) .  Loses game:     	White=1     	---        Mistake:       	White=5     	Black=2      Inaccurate:     	White=4     	Black=2      OK:         	White=14    	Black=15     Best:        	White=4     	Black=4      Brilliant:      	---       	Black=1} 0-1